 Dungeon Crawl Stone Soup version 0.30.1-3-gfc49f6343a (webtiles) character file.

Game seed: 3592992339922762670

599 Wiggles the Cleaver (level 7, -4/57 HPs)
             Began as a Minotaur Berserker on July 31, 2023.
             Was a Priest of Trog.
             Slain by an orc warrior
             ... wielding a +0 flail
              (14 damage)
             ... on level 5 of the Dungeon.
             The game lasted 00:07:01 (3637 turns).

Wiggles the Cleaver (Minotaur Berserker)            Turns: 3637, Time: 00:07:02

Health: -4/57      AC: 12    Str: 24    XL:     7   Next: 17%
Magic:  6/6        EV:  7    Int:  4    God:    Trog [***...]
Gold:   216        SH:  0    Dex: 15    Spells: 6/6 levels left

rFire   . . .        a - +1 hand axe (heavy)
rCold   . . .        (no shield)
rNeg    . . .        r - +0 plate armour
rPois   .            (helmet restricted)
rElec   .            h - scarf {+Inv}
rCorr   .            k - +0 pair of gloves
SInv    .            (no boots)
Will    .....        (no amulet) Stlth
                     l - +6 ring of dexterity
HPRegen 0.29/turn    (no ring)
MPRegen 0.10/turn

%: no passive effects
@: no status effects
A: horns 2, retaliatory headbutt
a: Renounce Religion, Evoke Invisibility, Berserk, Trog's Hand


You were on level 5 of the Dungeon.
You worshipped Trog.
Trog was most pleased with you.
You visited 1 branch of the dungeon, and saw 5 of its levels.

You collected 216 gold pieces.

Inventory:

Hand Weapons
 a - a +1 heavy hand axe (weapon)
Armour
 h - a scarf of invisibility (worn)
 k - a +0 pair of gloves (worn)
 r - a +0 plate armour (worn)
Jewellery
 l - a +6 ring of dexterity (left hand)
 u - an amulet of magic regeneration
 y - a ring of protection from cold
Wands
 w - a wand of flame (3)
 x - a wand of mindburst (11)
Scrolls
 c - 3 scrolls of enchant weapon
 d - 2 scrolls of teleportation
 n - a scroll of immolation
Potions
 b - 2 potions of heal wounds
 e - a potion of magic
 i - a potion of haste
 o - 3 potions of curing
 p - a potion of brilliance
 q - a potion of attraction
 s - a potion of ambrosia {unknown}
 t - a potion of berserk rage {unknown}


   Skills:
 - Level 3.6 Fighting
 + Level 9.9 Axes
 - Level 2.4 Armour
 - Level 2.1 Dodging
 - Level 0.7 Stealth


You had 6 spell levels left.
You didn't know any spells.
Your spell library was empty.

Dungeon Overview and Level Annotations

Branches:
Dungeon (5/15)
 Temple: D:4-7

Altars:
Cheibriados
Dithmenos
Elyvilon
Lugonu

Shops:
D:4 *!=

Portals:
Abyss: D:4


Innate Abilities, Weirdness & Mutations

You have a pair of horns on your head.
You reflexively headbutt those who attack you in melee.


Message History

The orc warrior hits you with a +0 flail.
The orc priest hits you but does no damage.
You hit the orc warrior.
The orc warrior is moderately wounded.
You hit the orc priest. You hit the orc but do no damage.
The orc hits you but does no damage.
The orc warrior hits you with a +0 flail.
The orc priest hits you with a +0 mace. The orc barely misses you.
The orc priest hits you with a +0 mace.
The orc warrior hits you but does no damage.
You closely miss the orc warrior.
The orc warrior is moderately wounded.
You hit the orc.
You kill the orc!
Trog accepts your kill.
You hit the orc priest but do no damage.
The orc priest calls upon Beogh to heal the orc warrior.
The orc warrior is healed somewhat.
The orc warrior hits you with a +0 flail!
* * * LOW HITPOINT WARNING * * *
You slash the orc warrior!
The orc warrior is heavily wounded.
You closely miss the orc priest.
The orc priest calls upon Beogh to heal the orc warrior.
The orc warrior is healed somewhat.
The orc warrior barely misses you.
You slash the orc warrior! Your headbutt misses the orc warrior.
The orc warrior is heavily wounded.
You hit the orc priest.
You kill the orc priest!
Trog accepts your kill.
The orc warrior hits you but does no damage.
The orc warrior hits you with a +0 flail.
* * * LOW HITPOINT WARNING * * *
You slash the orc warrior! Your headbutt misses the orc warrior.
The orc warrior is almost dead.
The orc warrior barely misses you.
You barely miss the orc warrior.
The orc warrior is almost dead.
The orc warrior hits you with a +0 flail!
You die...

# . . ######
..#.##.##.## ####
....#..#...##...#
...............##
#........)).....#
.##.####†...@o.....#
............)...?..#
##.................#
##.........!.....##
#.................#
###...............#
...#........##...#
....#.........#..##
...............


You could see an orc warrior.

Vanquished Creatures
  A black bear (D:4)
  3 phantoms
  A jelly (D:4)
  2 orc priests
  Jessica (D:3)
  Ijyb (D:4)
  A gnoll (D:1)
  5 adders
  A white imp (D:4)
  2 worms
  2 dart slugs
  5 orcs
  8 ball pythons
  6 endoplasms
  2 giant cockroaches
  5 goblins
  8 hobgoblins
  2 jackals (D:1)
  3 quokkas
  5 bats
  3 frilled lizards
  8 kobolds
  7 rats
82 creatures vanquished.

Notes
Turn   | Place    | Note
-------+----------+-------------------------------------------
     0 | D:1      | Wiggles the Minotaur Berserker began the quest for the Orb.
     0 | D:1      | Reached XP level 1. HP: 19/19 MP: 0/0
    78 | D:1      | Reached skill level 4 in Axes
   236 | D:1      | Reached XP level 2. HP: 22/26 MP: 1/1
   427 | D:1      | Reached skill level 5 in Axes
   427 | D:1      | Reached XP level 3. HP: 31/31 MP: 2/2
  1101 | D:2      | Reached ** piety under Trog
  1402 | D:2      | Reached XP level 4. HP: 39/39 MP: 3/3
  1711 | D:2      | Found a faded altar of an unknown god.
  1803 | D:3      | Noticed Jessica
  1811 | D:3      | Killed Jessica
  1812 | D:3      | Reached skill level 6 in Axes
  2242 | D:3      | Found a white marble altar of Elyvilon.
  2499 | D:4      | Noticed a phantom
  2516 | D:4      | Killed a phantom
  2517 | D:4      | Reached skill level 7 in Axes
  2517 | D:4      | Reached XP level 5. HP: 35/45 MP: 4/4
  2579 | D:4      | Found Ibluq's Jewellery Shoppe.
  2586 | D:4      | Noticed a phantom
  2590 | D:4      | Reached skill level 8 in Axes
  2595 | D:4      | Killed a phantom
  2596 | D:4      | Reached XP level 6. HP: 31/51 MP: 5/5
  2700 | D:4      | Found a large runed translucent door.
  2734 | D:4      | Found a snail-covered altar of Cheibriados.
  2793 | D:4      | Reached skill level 9 in Axes
  2836 | D:4      | Noticed Ijyb
  2842 | D:4      | Killed Ijyb
  3187 | D:4      | Found Arapt's Distillery.
  3236 | D:4      | Found a large runed translucent door.
  3240 | D:4      | Found a corrupted altar of Lugonu.
  3350 | D:4      | Found a one-way gate to the infinite horrors of the Abyss.
  3439 | D:4      | Found Jif Irph's General Store.
  3525 | D:4      | Found a shadowy altar of Dithmenos.
  3609 | D:5      | Entered Level 5 of the Dungeon
  3618 | D:5      | Reached XP level 7. HP: 55/57 MP: 6/6
  3635 | D:5      | Reached *** piety under Trog
  3637 | D:5      | Slain by an orc warrior

Illustrated notes

Levels and vault maps discovered:
D:1:      sevenhm_arrival_forest_fort_small_4, layout_loops_corners
D:2:      layout_basic, shapermc_ecumenical_altar_hornbeckon
D:3:      layout_loops_ring, elyvilon_altar_4,
          amcnicky_mini_rare_corridor_liquid, uniq_jessica
D:4:      due_chaos_kobolds, layout_loops_ring, slow_altar_2,
          nicolae_dithmenos_through_a_glass_darkly, serial_shops,
          nicolae_shop_back_alley_shop, kennysheep_little_box, shop, uniq_ijyb
D:5:      layout_cave_pools, minmay_temple_entry_tees

Skill      XL: |  1  2  3  4  5  6 |
---------------+-------------------+-----
Axes           | 4 5 7 8 9 |  9.9
Fighting       | |  3.6
Armour         | |  2.4
Dodging        | |  2.1
Stealth        | |  0.7

Action                     |  1- 3 |  4- 6 |  7- 9 || total
---------------------------+-------+-------+-------++-------
  Melee: Hand axe          |    86 |    99 |    11 ||   196
         Headbutt          |    14 |    18 |       ||    32
         Punch             |     1 |     2 |     1 ||     4
 Invoke: Berserk           |       |     3 |       ||     3
    Use: Scroll            |       |    15 |       ||    15
   Stab: Sleeping          |       |     1 |       ||     1
 Armour: Leather armour    |    27 |     4 |       ||    31
         Plate armour      |       |    54 |     7 ||    61
  Dodge: Dodged            |    51 |    36 |     5 ||    92
